[Event "Early-Titled-Tuesday-Blitz-October-17-2023"]
[Site "Chess.com"]
[Date "2023.10.17"]
[Round "4"]
[White "adotand"]
[Black "Russian_berezka"]
[Result "1-0"]
[WhiteElo "2866"]
[BlackElo "2665"]
[TimeControl "180+1"]
[EndTime "8:39:08 PDT"]
[Termination "adotand won by checkmate"]

1. Nf3 Nf6 2. c4 e6 3. b3 d5 4. Bb2 c5 5. e3 Nc6 6. cxd5 exd5 7. Bb5 Bd6 8. h3 O-O 9. O-O a6 10. Be2 b5 11. a4 Rb8 12. axb5 axb5 13. Nc3 b4 14. Nb5 Be7 15. d4 Ne4 16. dxc5 Bxc5 17. Rc1 Ba6 18. Nbd4 Bxe2 19. Nxe2 Ne7 20. Nf4 Bd6 21.
Nh5 f6 22. Nd4 Qd7 23. Nf4 Bxf4 24. exf4 Rbc8 25. Qd3 Rxc1 26. Rxc1 Rc8 27. Rxc8+ Qxc8 28. Qb5 Qc7 29. Qe8# 1-0

[Event "Early-Titled-Tuesday-Blitz-October-17-2023"]
[Site "Chess.com"]
[Date "2023.10.17"]
[Round "4"]
[White "Nitzan_Steinberg"]
[Black "Let_it_be_1"]
[Result "1-0"]
[WhiteElo "2851"]
[BlackElo "2631"]
[TimeControl "180+1"]
[EndTime "8:39:08 PDT"]
[Termination "Nitzan_Steinberg won on time"]

1. Nf3 d5 2. g3 e6 3. Bg2 Nf6 4. O-O Be7 5. d3 O-O 6. Nbd2 c5 7. e4 Nc6 8. Re1 Qc7 9. e5 Nd7 10. Qe2 b5 11. Nf1 Bb7 12. h4 Rfe8 13. Bf4 d4 14. N1h2 Nb4 15. a3 Nd5 16. Bd2 Rac8 17. Ng5 g6 18.
Ng4 Bf8 19. h5 c4 20. Ne4 c3 21. bxc3 dxc3 22. Bg5 gxh5 23. Ngf6+ N5xf6 24. Nxf6+ Nxf6 25. Bxf6 Bxg2 26. Qxh5 h6 27. Kxg2 Kh7 28. Re4 Qc6 29. Rh1 1-0

[Event "Early-Titled-Tuesday-Blitz-October-17-2023"]
[Site "Chess.com"]
[Date "2023.10.17"]
[Round "4"]
[White "Katuducha"]
[Black "Masterbeaterr"]
[Result "0-1"]
[WhiteElo "2215"]
[BlackElo "2431"]
[TimeControl "180+1"]
[EndTime "8:39:08 PDT"]
[Termination "Masterbeaterr won on time"]

1. e4 e5 2. Nf3 Nc6 3. Bb5 a6 4. Ba4 Nf6 5. d3 d6 6. c3 g6 7. O-O Bg7 8. Re1 O-O 9. d4 exd4 10.
cxd4 d5 11. e5 Ne4 12. Bxc6 bxc6 13. h3 c5 14. dxc5 Nxc5 15. Nc3 c6 16. Be3 Ne6 17. Ne2 Rb8 18. b3 c5 19. Nf4 d4 20. Bd2 Bb7 21. Rc1 Rc8 22. Nd3 Qd5 23. Rc4 a5 24. Ra4 Ba6 25.
Nb2 Bb5 26. Rxa5 Rb8 0-1

[Event "Early-Titled-Tuesday-Blitz-October-17-2023"]
[Site "Chess.com"]
[Date "2023.10.17"]
[Round "4"]
[White "amelia91"]
[Black "Khuslen2008"]
[Result "1-0"]
[WhiteElo "2156"]
[BlackElo "2287"]
[TimeControl "180+1"]
[EndTime "8:39:12 PDT"]
[Termination "amelia91 won by resignation"]

1. d4 Nf6 2. Bf4 g6 3. Nc3 d5 4. e3 Bg7 5. Nf3 O-O 6. Nb5 Na6 7. c4 dxc4 8. Bxc4 c6 9. Nc3 Nb4 10. h3 Bf5 11. O-O Nbd5 12. Bg3 Rc8 13. Re1 Nxc3 14. bxc3 Ne4 15. Ne5 Nxg3 16. fxg3 Bxe5 17. dxe5 Qa5 18. e6 f6 19. e4 Qxc3 20. Rc1 Qxg3 21. exf5 Rcd8 22. Qb3 b5 23. Qxg3 1-0

[Event "Early-Titled-Tuesday-Blitz-October-17-2023"]
[Site "Chess.com"]
[Date "2023.10.17"]
[Round "4"]
[White "jeetjain"]
[Black "McCarthyStone"]
[Result "0-1"]
[WhiteElo "2567"]
[BlackElo "2389"]
[TimeControl "180+1"]
[EndTime "8:39:13 PDT"]
[Termination "McCarthyStone won by resignation"]

1. Nf3 d6 2. b3 e5 3. Bb2 g6 4. g3 Bg7 5. Bg2 Ne7 6. d3 O-O 7. e4 c5 8. O-O Nbc6 9. h3 h6 10. Nbd2 Be6 11. c3 Qd7 12. Kh2 f5 13. exf5 Bxf5 14.
Ne4 b6 15. Re1 d5 16. Ned2 Bxd3 17. Nf1 e4 18. Nh4 g5 19. Nf3 exf3 20. Bxf3 Qf5 21.
Nd2 Ne5 22. Re3 Nxf3+ 23. Rxf3 Qg6 24. Rxf8+ Rxf8 25. f3 Re8 26. Qg1 Nf5 27. Re1 h5 28.
a4 h4 29. g4 Qd6+ 30. Kh1 Ng3+ 31. Kg2 Re2+ 32. Rxe2 Nxe2 33. Qf2 Bxc3 34. Bxc3 Nxc3 35.
Qe3 Qg3+ 36. Kh1 Qxh3+ 37. Kg1 Ne2+ 38. Kf2 Qg3+ 0-1

[Event "Early-Titled-Tuesday-Blitz-October-17-2023"]
[Site "Chess.com"]
[Date "2023.10.17"]
[Round "4"]
[White "Polish_fighter3000"]
[Black "karinachess1"]
[Result "1-0"]
[WhiteElo "3037"]
[BlackElo "2609"]
[TimeControl "180+1"]
[EndTime "8:39:14 PDT"]
[Termination "Polish_fighter3000 won by resignation"]

1. c3 d5 2. f4 Nf6 3. Nf3 g6 4. e3 Bg7 5. d4 O-O 6. Bd3 c5 7.
Ne5 b6 8. Qe2 a5 9. a4 Ba6 10.
O-O Bxd3 11. Nxd3 Nbd7 12. Nd2 Qc7 13. Qf3 e6 14. g4 Qb7 15. Qg2 Ne4 16. h4 Ndf6 17. g5 Nh5 18. Nxe4 dxe4 19. dxc5 Qd5 20. Nf2 bxc5 21. Rd1 Qb3 22. Ra3 Qc2 23. Qxe4 Qe2 24.
Qd3 Qf3 25. e4 Qxd3 26. Rxd3 c4 27. Rd7 Rfd8 28. Rc7 Bf8 29. Ra1 Bd6 30. Rxc4 Bxf4 31. Bxf4 Nxf4 32. e5 Rd2 33. Rxf4 1-0

[Event "Early-Titled-Tuesday-Blitz-October-17-2023"]
[Site "Chess.com"]
[Date "2023.10.17"]
[Round "4"]
[White "guillembaches"]
[Black "kritipatel"]
[Result "1/2-1/2"]
[WhiteElo "2513"]
[BlackElo "2134"]
[TimeControl "180+1"]
[EndTime "8:39:15 PDT"]
[Termination "Game drawn by agreement"]

1. d4 d5 2. Nf3 Nf6 3. Bg5 e6 4. Nbd2 Be7 5. e3 c5 6. c3 Nc6 7. Bd3 O-O 8. Ne5 Nd7 9. Bxe7 Qxe7 10. f4 Ncxe5 11. dxe5 f6 12. exf6 Rxf6 13. O-O e5 14. Qc2 e4 15. Be2 Nf8 16. c4 d4 17. Nxe4 Re6 18.
Bd3 dxe3 19. Rae1 b6 20. Rxe3 Bb7 21. Rfe1 Re8 22. Qe2 1/2-1/2

[Event "Early-Titled-Tuesday-Blitz-October-17-2023"]
[Site "Chess.com"]
[Date "2023.10.17"]
[Round "4"]
[White "CuattroPrincesses"]
[Black "beccrajoy"]
[Result "0-1"]
[WhiteElo "2267"]
[BlackElo "2002"]
[TimeControl "180+1"]
[EndTime "8:39:15 PDT"]
[Termination "beccrajoy won by resignation"]

1. e4 c6 2. c4 d5 3. cxd5 cxd5 4. exd5 Nf6 5. Nc3 Nxd5 6. Nf3 Nc6 7. Bb5 e6 8. O-O Be7 9. d4 O-O 10. Re1 a6 11. Bxc6 bxc6 12. Ne4 a5 13. a3 Ba6 14. Qc2 Rc8 15. Nc5 Bb5 16. Bd2 a4 17. Nxa4 Bxa4 18.
Qxa4 c5 19. Rac1 cxd4 20. Nxd4 Qb6 21. Nb5 Bf6 22. b4 Ra8 0-1

[Event "Early-Titled-Tuesday-Blitz-October-17-2023"]
[Site "Chess.com"]
[Date "2023.10.17"]
[Round "4"]
[White "MightyGMpretender"]
[Black "NelsonLinda"]
[Result "1-0"]
[WhiteElo "2833"]
[BlackElo "2605"]
[TimeControl "180+1"]
[EndTime "8:39:16 PDT"]
[Termination "MightyGMpretender won by resignation"]

1. e4 c6 2. Nf3 g6 3. d4 d5 4. e5 Bg4 5. Nbd2 h5 6. h3 Bxf3 7.
Nxf3 e6 8. Bd3 Nd7 9. O-O Nh6 10. c4 Nf5 11. Qb3 Qb6 12. c5 Qxb3 13. axb3 a6 14. b4 Rc8 15. Bf4 Be7 16. g4 hxg4 17. hxg4 Nh4 18.
Nxh4 Rxh4 19. f3 Kd8 20. Kg2 Kc7 21. Bg3 Rh7 22. Rh1 Rch8 23. Rxh7 Rxh7 24. f4 Rh8 25. f5 gxf5 26. gxf5 exf5 27. e6+ Kd8 28. exd7 Rg8 29. Kf3 Bf6 30. Be5 Bxe5 31. dxe5 Kxd7 32.
Bxf5+ Ke7 33. Rh1 Rg5 34. Kf4 Rg2 35. Rh7 Rxb2 36. e6 Rxb4+ 37. Ke5 Rb2 38. Rxf7+ Ke8 39.
Kd6 d4 40. Bg6 Rg2 41. Rh7+ Kf8 42. e7+ 1-0

[Event "Early-Titled-Tuesday-Blitz-October-17-2023"]
[Site "Chess.com"]
[Date "2023.10.17"]
[Round "4"]
[White "AnaKuchava"]
[Black "LangesNasenhaar"]
[Result "0-1"]
[WhiteElo "2266"]
[BlackElo "2495"]
[TimeControl "180+1"]
[EndTime "8:39:21 PDT"]
[Termination "LangesNasenhaar won on time"]

1. d4 g6 2. Nf3 Bg7 3. c4 c5 4.
d5 d6 5. e4 Nf6 6. Nc3 O-O 7.
h3 e6 8. Bd3 Nbd7 9. O-O e5 10.
Be3 h6 11. Qd2 Kh7 12. a3 Nh5 13. Ne1 f5 14. f3 Ng3 15. b4 Nxf1 16. Bxf1 b6 17. Nd3 Nf6 18. Rb1 fxe4 19. fxe4 Nh5 20. bxc5 bxc5 21. Be2 Nf4 22. Bf3 Nxh3+ 0-1

[Event "Early-Titled-Tuesday-Blitz-October-17-2023"]
[Site "Chess.com"]
[Date "2023.10.17"]
[Round "4"]
[White "Aygehovit1992"]
[Black "igorkovalenko"]
[Result "1-0"]
[WhiteElo "2703"]
[BlackElo "2870"]
[TimeControl "180+1"]
[EndTime "8:39:26 PDT"]
[Termination "Aygehovit1992 won by resignation"]

1. e4 c5 2. Nc3 Nc6 3. Bb5 g6 4. Bxc6 bxc6 5. f4 Bg7 6. Nf3 c4 7. d4 cxd3 8. Qxd3 Qb6 9. b3 Ba6 10. Qd2 Nf6 11. e5 Ng4 12. h3 Nh6 13. g4 d6 14. Bb2 Rd8 15. O-O-O O-O 16. Qd4 dxe5 17. Qxb6 axb6 18. Nxe5 Bxe5 19. fxe5 Rfe8 20. Na4 b5 21. Nc5 Bc8 22. a4 bxa4 23. bxa4 Rd5 24. Rxd5 cxd5 25. a5 Be6 26. Kd2 Ra8 27. Ra1 Bc8 28. a6 Kf8 29. a7 Ke8 30. Bd4 f6 31. Na4 1-0

[Event "Early-Titled-Tuesday-Blitz-October-17-2023"]
[Site "Chess.com"]
[Date "2023.10.17"]
[Round "4"]
[White "viktorgen2021"]
[Black "ChessRespected"]
[Result "1-0"]
[WhiteElo "2414"]
[BlackElo "2581"]
[TimeControl "180+1"]
[EndTime "8:39:29 PDT"]
[Termination "viktorgen2021 won by resignation"]

1. Nf3 d5 2. c4 d4 3. b4 c5 4. d3 a5 5. bxc5 Nc6 6. g3 e5 7. Bg2 Nf6 8. O-O Nd7 9. Na3 Nxc5 10. Nb5 Be7 11. Ba3 O-O 12. Nd2 Re8 13. Nb3 Na4 14. e3 Nc3 15. Nxc3 Bxa3 16. Nd5 Bf8 17. exd4 a4 18.
Nd2 Nxd4 19. Rb1 Rb8 20. Ne4 Bd7 21. Nec3 a3 22. Re1 Bc6 23. Ne2 Qa5 24. Nxd4 exd4 25. Re4 Rxe4 26. Bxe4 Re8 27. Qh5 f5 28. Qxf5 1-0

[Event "Early-Titled-Tuesday-Blitz-October-17-2023"]
[Site "Chess.com"]
[Date "2023.10.17"]
[Round "4"]
[White "chessfatbear"]
[Black "JuniorJumper"]
[Result "1-0"]
[WhiteElo "2796"]
[BlackElo "2560"]
[TimeControl "180+1"]
[EndTime "8:39:30 PDT"]
[Termination "chessfatbear won by checkmate"]

1. d4 d5 2. Nf3 e6 3. Bg5 Be7 4. h4 h6 5. Bf4 Bd6 6. e3 Bxf4 7. exf4 Qd6 8. Qd2 Nf6 9. Nc3 O-O 10. O-O-O c5 11. Be2 Nc6 12. Nb5 Qe7 13. dxc5 Qxc5 14. Nbd4 Ne4 15. Qe3 Bd7 16. Kb1 Rac8 17. Bd3 Qb6 18.
Bxe4 dxe4 19. Qxe4 Nb4 20. Ne5 Ba4 21. Rd2 Rc7 22.
Rhd1 Rfc8 23. Nb3 Bxb3 24. Rd8+ Rxd8 25. Rxd8# 1-0

[Event "Early-Titled-Tuesday-Blitz-October-17-2023"]
[Site "Chess.com"]
[Date "2023.10.17"]
[Round "4"]
[White "surrenderPLS"]
[Black "Susal_De_Silva"]
[Result "0-1"]
[WhiteElo "2511"]
[BlackElo "2668"]
[TimeControl "180+1"]
[EndTime "8:39:32 PDT"]
[Termination "Susal_De_Silva won by resignation"]

1. e4 g6 2. d4 Bg7 3. Nc3 d6 4.
Nf3 Nd7 5. Bc4 e6 6. h4 h6 7.
a4 a6 8. Be3 b6 9. Qe2 Bb7 10.
O-O-O Ne7 11. d5 e5 12. g4 Nf6 13. g5 Nh5 14. gxh6 Bxh6 15. Ng5 Qd7 16. Qf3 Ng8 17. Bf1 Ngf6 18. Bh3 Qe7 19. Rhg1 Bc8 20. Bxc8 Rxc8 21. Kb1 Qd7 22. b3 b5 23. axb5 axb5 24.
Kb2 c6 25. Bc1 b4 26. Na4 Qc7 27. dxc6 Qxc6 28. Qc3 bxc3+ 0-1

[Event "Early-Titled-Tuesday-Blitz-October-17-2023"]
[Site "Chess.com"]
[Date "2023.10.17"]
[Round "4"]
[White "Shuvalov"]
[Black "ckgchess"]
[Result "0-1"]
[WhiteElo "2510"]
[BlackElo "2891"]
[TimeControl "180+1"]
[EndTime "8:39:34 PDT"]
[Termination "ckgchess won by resignation"]

1. d4 Nf6 2. c4 e6 3. Nc3 Bb4 4. e3 O-O 5. a3 Be7 6. Bd3 d5 7. Nf3 c5 8. dxc5 dxc4 9. Bxc4 Qxd1+ 10. Nxd1 Nbd7 11. b4 a5 12. Bb2 axb4 13. axb4 Rxa1 14.
Bxa1 b6 15. Ke2 bxc5 16. b5 Nb6 17. Ne5 Nxc4 18. Nxc4 Bd7 19. Nc3 Nd5 20. Rb1 Rb8 21. b6 Nb4 22. Rd1 Bc8 23. Na4 Ba6 24. Rc1 Bb5 25.
Be5 Rb7 26. Nb2 Rxb6 27. Ra1 f6 28. Ra7 Nc6 29. Ra8+ Kf7 30. Bd6 Bxd6 31. Kf3 Bxc4 32. Nxc4 Ne5+ 33. Nxe5+ Bxe5 0-1

[Event "Early-Titled-Tuesday-Blitz-October-17-2023"]
[Site "Chess.com"]
[Date "2023.10.17"]
[Round "4"]
[White "kirillshevchenko"]
[Black "kingofthenil"]
[Result "1-0"]
[WhiteElo "2931"]
[BlackElo "2714"]
[TimeControl "180+1"]
[EndTime "8:39:41 PDT"]
[Termination "kirillshevchenko won by checkmate"]

1. d4 d5 2. Nf3 e6 3. Bf4 Nf6 4. e3 c5 5. Nbd2 Nc6 6. c3 Nh5 7. Bg5 Qb6 8. Qb3 h6 9. Bh4 g5 10. Bg3 Bg7 11. Bd6 c4 12. Qa3 a5 13. b3 cxb3 14.
axb3 Nf6 15. Bd3 Qd8 16. h4 g4 17. Ne5 Nxe5 18. dxe5 Nd7 19. f4 gxf3 20. Nxf3 Qb6 21. Kd2 Rg8 22. Bh7 Rh8 23. Bd3 Rg8 24. g4 Bf8 25. g5 Nxe5 26. Bb5+ Bd7 27. Nxe5 Bxd6 28. Nxd7 Qxb5 29. Nf6+ Ke7 30. Nxg8+ Rxg8 31. Qxa5 Qxb3 32. Rhb1 Qc4 33. Rxb7+ Kf8 34. Qd8+ Kg7 35. Qf6+ Kh7 36. Qxf7+ Kh8 37. Qh7# 1-0

[Event "Early-Titled-Tuesday-Blitz-October-17-2023"]
[Site "Chess.com"]
[Date "2023.10.17"]
[Round "4"]
[White "Martial2008"]
[Black "Fore_Man"]
[Result "1-0"]
[WhiteElo "2621"]
[BlackElo "2338"]
[TimeControl "180+1"]
[EndTime "8:39:44 PDT"]
[Termination "Martial2008 won by resignation"]

1. d4 Nf6 2. Nf3 e6 3. Bg5 Be7 4. Nbd2 c5 5. e3 Nc6 6. c3 d5 7. Bd3 Qc7 8. O-O O-O 9. dxc5 Bxc5 10. Qc2 h6 11. Bxf6 gxf6 12. e4 dxe4 13. Nxe4 Be7 14. Rfe1 e5 15. Ng3 Be6 16. Nf5 Bxf5 17. Bxf5 Kg7 18.
Re4 Rg8 19. Rg4+ Kf8 20. Rxg8+ Kxg8 21. Rd1 Rd8 22. Be4 Rxd1+ 23. Qxd1 Nd8 24. Qd2 Bf8 25. h3 Qd6 26. Qe3 b6 27. Nh4 Ne6 28. Qg3+ Ng5 29. Nf5 Qd1+ 30. Kh2 Kh7 31. f3 Nxe4 32. fxe4 Qd2 33.
Qh4 Qg5 34. Qxg5 fxg5 35. g4 Kg6 36. Kg3 Kf6 37. h4 Ke6 38. h5 f6 39. Kf3 Kd7 40.
Ke2 Kc6 41. Kd3 b5 42. Kc2 a5 43. b3 b4 44. cxb4 axb4 45. Kd2 Kc5 46. Kd3 Kb5 47. Ne3 Be7 48. Nd5 Bd8 49. Kd2 Kc5 50. Ke3 Kb5 51. Kd3 Kc5 52. Ne3 Kb5 53. Nf5 1-0

[Event "Early-Titled-Tuesday-Blitz-October-17-2023"]
[Site "Chess.com"]
[Date "2023.10.17"]
[Round "4"]
[White "YouJustFoundYourGodfather"]
[Black "Shivananda1964"]
[Result "1-0"]
[WhiteElo "2607"]
[BlackElo "2395"]
[TimeControl "180+1"]
[EndTime "8:39:45 PDT"]
[Termination "YouJustFoundYourGodfather won on time"]

1. c4 e5 2. Nf3 Nc6 3. d3 Nf6 4. g3 Bb4+ 5. Nbd2 O-O 6. Bg2 d6 7. O-O Bxd2 8. Bxd2 a5 9. Bc3 h6 10. b3 Qe7 11. Re1 Re8 12. Qc2 Bd7 13. a3 Bg4 14. e3 Nd7 15. Nd2 Bf5 16. b4 axb4 17. axb4 Rxa1 18.
Rxa1 Nb6 19. b5 Nd8 20. Ra7 Nc8 21. Ra8 Nb6 22. Ra7 Nc8 23. Ra2 Nb6 24. Bb4 Nd7 25. Ra7 Nc5 26. Bxc5 dxc5 27. Bxb7 Nxb7 28. Rxb7 Qd6 29.
Ne4 Bxe4 30. dxe4 Ra8 31. Qb1 Ra4 32. Qb3 Rb4 33. Qc2 Qe6 34. Rxc7 Rxc4 35. Qd1 Rb4 36. Rxc5 1-0

[Event "Early-Titled-Tuesday-Blitz-October-17-2023"]
[Site "Chess.com"]
[Date "2023.10.17"]
[Round "4"]
[White "OLDTERMINATOR"]
[Black "GM_Huschenbeth"]
[Result "0-1"]
[WhiteElo "1638"]
[BlackElo "2527"]
[TimeControl "180+1"]
[EndTime "8:39:47 PDT"]
[Termination "GM_Huschenbeth won by resignation"]

1. e4 c5 2. Nf3 d6 3. d4 cxd4 4.
Nxd4 Nf6 5. Nc3 a6 6. Bg5 Nbd7 7. Bc4 Qb6 8. Bb3 e6 9. Qd2 Be7 10. O-O-O Nc5 11. Rhe1 Qc7 12. f4 h6 13. Bh4 O-O 14.
e5 dxe5 15. fxe5 Nh7 16. Bxe7 Qxe7 17. Kb1 Bd7 18. Ne4 Nxe4 19. Rxe4 Rfd8 20. Qe2 a5 21. h4 b5 22. a3 a4 23. Ba2 b4 24. g3 bxa3 25. bxa3 Qxa3 26. Ka1 Qc3+ 0-1

[Event "Early-Titled-Tuesday-Blitz-October-17-2023"]
[Site "Chess.com"]
[Date "2023.10.17"]
[Round "4"]
[White "BlueWizzard"]
[Black "faraone99"]
[Result "1-0"]
[WhiteElo "2822"]
[BlackElo "2564"]
[TimeControl "180+1"]
[EndTime "8:39:48 PDT"]
[Termination "BlueWizzard won by resignation"]

1. d4 Nf6 2. Nc3 d5 3. Bg5 e6 4. Nf3 Be7 5. Bxf6 Bxf6 6. e4 dxe4 7. Nxe4 Nd7 8. Qd3 b6 9. Qe3 Bb7 10. O-O-O a6 11. Bc4 O-O 12. h4 b5 13. Bd3 Nb6 14.
Nc5 Bxf3 15. Qxf3 Qd5 16. Be4 Qxa2 17. Qb3 Qa1+ 18. Kd2 Qa5+ 19. Ke2 Nd5 20. c3 Be7 21.
Nd7 c6 22. Nxf8 Bxf8 23. Qc2 Nf6 24. g4 Qc7 25. g5 Nxe4 26. Qxe4 Re8 27. h5 Qd7 28. Rd3 Be7 29. g6 fxg6 30. hxg6 h6 31. Ra1 Rf8 32. Rf3 Bf6 33. Rxa6 Rc8 34. Re3 Re8 35. Qxc6 Qe7 36. Rxe6 1-0

[Event "Early-Titled-Tuesday-Blitz-October-17-2023"]
[Site "Chess.com"]
[Date "2023.10.17"]
[Round "4"]
[White "lamomiajunior"]
[Black "Herman-NY"]
[Result "1-0"]
[WhiteElo "2737"]
[BlackElo "2542"]
[TimeControl "180+1"]
[EndTime "8:39:51 PDT"]
[Termination "lamomiajunior won by checkmate"]

1. d4 Nf6 2. c4 g6 3. Nc3 Bg7 4. e4 d6 5. h3 O-O 6. Be3 e5 7. d5 Nh5 8. Qd2 f5 9. exf5 gxf5 10. g4 f4 11. gxh5 fxe3 12. Qxe3 e4 13. h6 Be5 14. Nge2 Na6 15. Nxe4 Nb4 16. O-O-O Bf5 17. a3 Qh4 18. f4 Bxe4 19. Qxe4 Na6 20. Qg2+ Kh8 21.
fxe5 Rf2 22. Qg7# 1-0

[Event "Early-Titled-Tuesday-Blitz-October-17-2023"]
[Site "Chess.com"]
[Date "2023.10.17"]
[Round "4"]
[White "Happy1712Drummer"]
[Black "Ermito2020"]
[Result "0-1"]
[WhiteElo "2382"]
[BlackElo "2594"]
[TimeControl "180+1"]
[EndTime "8:39:52 PDT"]
[Termination "Ermito2020 won on time"]

1. e4 e6 2. d4 d5 3. e5 c5 4. c3 Qb6 5. Nf3 Nc6 6. Bd3 Bd7 7.
O-O Nh6 8. dxc5 Bxc5 9. b4 Be7 10. Nbd2 Ng4 11. Qe2 f6 12. exf6 Bxf6 13. Bb2 O-O 14.
Nb3 e5 15. Nc5 Bc8 16. Bc2 e4 17. Nd2 Qc7 18. g3 b6 19. Ncb3 Nge5 20. b5 Bg4 21. Qe3 Nf3+ 22. Nxf3 Bxf3 23. bxc6 Qc8 24. Nd2 Bg5 25.
Qxg5 Qh3 26. Nxf3 exf3 27. Bxh7+ Kh8 0-1

[Event "Early-Titled-Tuesday-Blitz-October-17-2023"]
[Site "Chess.com"]
[Date "2023.10.17"]
[Round "4"]
[White "MKlose11"]
[Black "N4700000"]
[Result "0-1"]
[WhiteElo "2624"]
[BlackElo "2483"]
[TimeControl "180+1"]
[EndTime "8:39:53 PDT"]
[Termination "N4700000 won by resignation"]

1. e4 c6 2. Nc3 d5 3. g3 dxe4 4.
Nxe4 Nf6 5. Bg2 Nxe4 6. Bxe4 Nd7 7. d4 Nf6 8. Bg2 Bg4 9. Ne2 e6 10. O-O Bxe2 11. Qxe2 Qxd4 12. Rd1 Qb6 13. Be3 Bc5 14. Bg5 Be7 15. a4 a5 16. Be3 Bc5 17. Bg5 O-O 18.
Bxf6 gxf6 19. Rd3 Rfd8 20. Rad1 Rxd3 21. Rxd3 Qxb2 22. h4 Qe5 23. Qg4+ Kh8 24. Rd7 Rg8 25. Qd1 Qxg3 0-1

[Event "Early-Titled-Tuesday-Blitz-October-17-2023"]
[Site "Chess.com"]
[Date "2023.10.17"]
[Round "4"]
[White "gmcorrales"]
[Black "JiaHaoxiang"]
[Result "1-0"]
[WhiteElo "2884"]
[BlackElo "2579"]
[TimeControl "180+1"]
[EndTime "8:39:59 PDT"]
[Termination "gmcorrales won by resignation"]

1. e4 c5 2. Nf3 d6 3. d4 cxd4 4. Nxd4 Nf6 5. Nc3 g6 6. Be3 Bg7 7. f3 O-O 8. Qd2 Nc6 9. Bc4 Bd7 10. O-O-O Rc8 11. Bb3 Ne5 12. Kb1 Nc4 13. Bxc4 Rxc4 14.
g4 b5 15. h4 b4 16. Nce2 Qa5 17. h5 Rfc8 18. h6 Bh8 19. g5 Nh5 20. Rc1 d5 21.
Nb3 Qb5 22. Qxd5 Qxd5 23. exd5 Ba4 24. Bxa7 Nf4 25. Nxf4 Rxf4 26. Rhe1 Re8 27. Bc5 Rf5 28. Bxe7 Rxd5 29. f4 Rf5 30. Bd6 f6 31. Nc5 Bb5 32.
Rxe8+ Bxe8 33. Re1 Bf7 34. Ne4 fxg5 35. Nxg5 Bf6 36.
b3 Bxg5 37. fxg5 Rxg5 38. Bxb4 Bd5 39. Re7 Rh5 40. Rg7+ Kh8 41. Bc3 Rh3 42. Kb2 1-0

[Event "Early-Titled-Tuesday-Blitz-October-17-2023"]
[Site "Chess.com"]
[Date "2023.10.17"]
[Round "4"]
[White "Kirill_Klukin"]
[Black "Ural_bogatyr"]
[Result "1-0"]
[WhiteElo "2678"]
[BlackElo "2517"]
[TimeControl "180+1"]
[EndTime "8:40:01 PDT"]
[Termination "Kirill_Klukin won by resignation"]

1. d4 Nf6 2. Nf3 d5 3. c4 e6 4. Bg5 Be7 5. Nc3 O-O 6. e3 c5 7. cxd5 cxd4 8. Nxd4 Nxd5 9. Bxe7 Qxe7 10. Nxd5 exd5 11.
Be2 Nc6 12. O-O Be6 13. Rc1 Rac8 14. Qd2 Rfd8 15. h3 h6 16. Rfd1 Ne5 17. b3 a6 18.
Rxc8 Rxc8 19. Rc1 Rc5 20. f4 Nc6 21. Nxc6 Rxc6 22. Rxc6 bxc6 23. Bxa6 Qc5 24. Be2 Bf5 25. a4 Bc2 26. b4 Qa7 27. Qxc2 Qxe3+ 28. Kh1 Qxf4 29.
b5 cxb5 30. axb5 f5 31. Bf3 Qb4 1-0

[Event "Early-Titled-Tuesday-Blitz-October-17-2023"]
[Site "Chess.com"]
[Date "2023.10.17"]
[Round "4"]
[White "SaqoChess_Twitch"]
[Black "JoliyRoger"]
[Result "1-0"]
[WhiteElo "2621"]
[BlackElo "2459"]
[TimeControl "180+1"]
[EndTime "8:40:04 PDT"]
[Termination "SaqoChess_Twitch won on time"]

1. d4 Nf6 2. c4 e6 3. Nc3 Bb4 4.
e3 c5 5. a3 Bxc3+ 6. bxc3 Nc6 7. Bd3 b6 8. Ne2 d6 9. O-O e5 10. d5 Na5 11. Ng3 Ba6 12. f4 g6 13. e4 Nd7 14. f5 Qe7 15. f6 Qf8 16. Rb1 O-O-O 17.
Rb5 Bxb5 18. cxb5 c4 19. Be2 Kb8 20. a4 Kb7 21. Ba3 Rc8 22. Bb4 Nb3 23. Bxc4 Rxc4 24. Qxb3 Rc7 25. a5 bxa5 26. Bxa5 Rc8 27. Bb4 Nc5 28.
Qa3 Qd8 29. Ra1 Qb6 30. Kh1 h5 31. c4 h4 32. Ne2 Nxe4 33. h3 Rxc4 34. Ba5 Qxb5 35.
Qa2 Ka8 36. Be1 Qb7 37. Qxc4 Nxf6 38. Nc3 Rc8 39. Qxh4 Nd7 40. Qa4 Nb6 41. Qa5 Nc4 42. Qa2 f5 43. Nb5 1-0

[Event "Early-Titled-Tuesday-Blitz-October-17-2023"]
[Site "Chess.com"]
[Date "2023.10.17"]
[Round "4"]
[White "garicradomir"]
[Black "CarlosjPineror"]
[Result "1-0"]
[WhiteElo "2315"]
[BlackElo "2486"]
[TimeControl "180+1"]
[EndTime "8:40:05 PDT"]
[Termination "garicradomir won by resignation"]

1. e4 c5 2. Nf3 e6 3. c3 Nf6 4.
e5 Nd5 5. c4 Nb6 6. b4 d6 7.
exd6 Bxd6 8. d4 cxb4 9. c5 Nc6 10. Bd3 Nxd4 11. cxd6 Nxf3+ 12. Qxf3 Qxd6 13. Bb2 O-O 14. a4 Nd5 15. O-O g6 16. Be4 f5 17. Bxd5 Qxd5 18.
Qxd5 exd5 19. Nd2 Be6 20. Nf3 Bf7 21. a5 b5 22. a6 Rac8 23. Nd4 Rfd8 24. Ra5 Rc4 25.
Rxb5 h6 26. h4 Rd6 27. Rb8+ Kh7 28. Rb7 Kg8 29. Rxa7 g5 30. Ra8+ Be8 31. Rxe8+ Kf7 1-0

[Event "Early-Titled-Tuesday-Blitz-October-17-2023"]
[Site "Chess.com"]
[Date "2023.10.17"]
[Round "4"]
[White "Gyulamiryan-koryun"]
[Black "BrandonJiang123456"]
[Result "0-1"]
[WhiteElo "1933"]
[BlackElo "2272"]
[TimeControl "180+1"]
[EndTime "8:40:06 PDT"]
[Termination "BrandonJiang123456 won by resignation"]

1. e4 e5 2. Nf3 Nc6 3. Bc4 Bc5 4. d3 Nf6 5. Bg5 h6 6. Bh4 d6 7. h3 Be6 8. Bb3 g5 9. Bg3 Qd7 10. Nc3 O-O-O 11. Qd2 Kb8 12. Nd5 Bxd5 13. exd5 Ne7 14. O-O-O Nexd5 15. Bxd5 Nxd5 16. Kb1 Qa4 17. Rde1 f5 18. Bh2 Rhg8 19. Qd1 g4 20. Nd2 Bxf2 21.
Re2 Bd4 22. Nb3 g3 23. Bg1 Bxg1 24. Rxg1 Rdf8 25. Qd2 f4 26. Qa5 Qxa5 27. Nxa5 f3 28. gxf3 Rxf3 29. Reg2 Nf4 30. Rd2 g2 31. Rdd1 Nxh3 32.
Rge1 g1=Q 33. Rxg1 Rxg1 34. Rxg1 Nxg1 35. b3 h5 36. Kb2 h4 37. Nc4 h3 38. Nd2 h2 0-1

[Event "Early-Titled-Tuesday-Blitz-October-17-2023"]
[Site "Chess.com"]
[Date "2023.10.17"]
[Round "4"]
[White "Witty_Alien"]
[Black "arminmusovic"]
[Result "0-1"]
[WhiteElo "2247"]
[BlackElo "2487"]
[TimeControl "180+1"]
[EndTime "8:40:08 PDT"]
[Termination "arminmusovic won on time"]

1. e4 c6 2. d4 d5 3. Nd2 dxe4 4. Nxe4 Nf6 5. Ng5 h6 6. Nxf7 Kxf7 7. Nf3 e6 8. Bc4 Bd6 9. O-O Re8 10. Re1 Nbd7 11. Nh4 Nd5 12. Qh5+ Kg8 13. Bxh6 Nf8 14. Bd3 gxh6 15.
Nf5 exf5 16. Rxe8 Qg5 17. Qf3 Nf6 18. Rd8 Bxh2+ 19. Kf1 Nd5 20. Re8 Nc7 21. Re2 Bd6 22. Rae1 Bd7 23. Bc4+ Kg7 24. g3 Re8 25. Rxe8 Nxe8 26.
d5 c5 27. b4 cxb4 28. Kg2 Ng6 29. Bd3 Nh4+ 0-1

[Event "Early-Titled-Tuesday-Blitz-October-17-2023"]
[Site "Chess.com"]
[Date "2023.10.17"]
[Round "4"]
[White "HalfIsCrayfish"]
[Black "ajedrezhoy"]
[Result "0-1"]
[WhiteElo "2552"]
[BlackElo "2386"]
[TimeControl "180+1"]
[EndTime "8:40:11 PDT"]
[Termination "ajedrezhoy won by resignation"]

1. d4 f5 2. g3 Nf6 3. Bg2 e6 4. Nf3 Be7 5. O-O O-O 6. c4 d6 7. Nc3 Qe8 8. b3 Qh5 9. Bb2 a5 10. Qc2 Nbd7 11. a3 e5 12. dxe5 dxe5 13. e4 f4 14. Nd5 Nxd5 15. cxd5 Bd6 16. Nd2 Nb6 17. b4 f3 18. Bh1 Bg4 19. Nc4 Nxc4 20. Qxc4 Rf6 21. Bc1 g5 22. Be3 Rg6 23. b5 Qh3 24. b6 Rh6 0-1